 Dungeon Crawl Stone Soup version 0.28-a0-1629-gf728b707aa (webtiles) character file.

Game seed: 4108361095753670797

1 croobank the Sneak (level 1, 0/10 HPs)
             Began as a Felid Delver on Jan 24, 2022.
             Splashed by a jelly's acid (8 damage)
             ... on level 4 of the Dungeon.
             The game lasted 00:01:50 (505 turns).

croobank the Sneak (Felid Delver)                    Turns: 505, Time: 00:01:51

Health: 0/10       AC:  1    Str:  8    XL:     1   Next: 16%
Magic:  2/2        EV: 17    Int: 11    God:
Gold:   19         SH:  0    Dex: 17    Spells: 0/0 levels left
                                        Lives:  0   Deaths: 0

rFire   . . .      SeeInvis +     - Unarmed
rCold   . . .      Faith    .   (shield unavailable)
rNeg    . . .      Spirit   .   (armour unavailable)
rPois   .          Reflect  .   (helmet unavailable)
rElec   .          Harm     .   (cloak unavailable)
rCorr   .          Rampage  .   (gloves unavailable)
Will    .....                   (boots unavailable)
Stlth   +++.......              (no amulet)
HPRegen 0.03/turn               (no ring)
MPRegen 0.08/turn               (no ring)

@: quick
A: very small, claws 1, fangs 3, see invisible, speed 1, shaggy fur 1, stealthy
paws, no weapons or thrown items, no armour, multi-lived
a: no special abilities


You were on level 4 of the Dungeon.
You visited 2 branches of the dungeon, and saw 3 of its levels.

You collected 19 gold pieces.

Inventory:

Wands
 e - a wand of digging (3)
Scrolls
 a - a scroll of fog
 b - a scroll of vulnerability {unknown}
 c - a scroll of fear
Potions
 d - a potion of flight {unknown}


   Skills:
 + Level 3.0 Fighting
 + Level 2.7 Dodging
 + Level 6.6 Stealth
 + Level 2.0 Unarmed Combat


You couldn't memorise any spells.
You didn't know any spells.
Your spell library was empty.

Dungeon Overview and Level Annotations

Branches:
Dungeon (5/15)             Temple (1/1) D:4

Altars:
Cheibriados
Dithmenos
Fedhas
Gozag
Kikubaaqudgha
Nemelex Xobeh
Okawaru
Qazlal
Ru
Uskayaw
Wu Jian
Zin
The Shining One


Innate Abilities, Weirdness & Mutations

You have sharp claws.
You have razor-sharp teeth.
You have supernaturally acute eyesight. (SInv)
You cover ground quickly. (Speed+)
You are covered in fur. (AC +1)
Your paws help you pounce on unaware monsters.
You are incapable of wielding weapons or throwing items.
You cannot wear armour.
You gain extra lives every three experience levels.


Message History

Found a blossoming altar of Fedhas.
You enter the shallow water.
Moving in this stuff is going to be slow.
Found a glowing golden altar of the Shining One.
Found a hide-covered altar of Uskayaw.
You enter the shallow water.
Moving in this stuff is going to be slow.
You enter the shallow water.
Moving in this stuff is going to be slow.
You enter the shallow water.
Moving in this stuff is going to be slow.
You enter the shallow water.
Moving in this stuff is going to be slow.
Partly explored, can't reach some places.
Partly explored, can't reach some places.
(D) Dungeon (T) Temple
Where to? (? - help) (C) Cheibriados (D) Dithmenos (F) Fedhas (G) Gozag (K) Kikubaaqudgha (N) Nemelex Xobeh (O) Okawaru (Q) Qazlal (R) Ru (U) Uskayaw (W) Wu Jian (Z) Zin (1) TSO Go to which altar? (? - help)
There is a blossoming altar of Fedhas here.
You enter the shallow water.
Moving in this stuff is going to be slow.
There is an ancient bone altar of Kikubaaqudgha here.
There is an opulent altar of Gozag here.
You sit before the altar of Gozag.
Gozag does not accept service from beggars like you!
The service fee for joining is currently 47 gold; you only have 19.
Unknown command.
Press < or > to pray at altars.
(D) Dungeon (T) Temple
Where to? (Enter - Temple @ (x,y), ? - help)
There is a staircase back to the Dungeon here.
You climb upwards.
The ball python barely misses you. The ball python completely misses you.
The jelly hits you.
You are splashed with acid!
Ouch! That really hurt!
You die...

#....S...## ..#
##.g.g.....##
..##.....g.....##
#...............#
##..#...##S...##...
##....#.#.g#...#
...#..#....#..###.....##
..(.##.S..#...# #.......
.......@.....## #.......
....#.J..##..# #......#
...#..รท.#..#.# #......#
#..#.#....# #.......
...##...#..#####.......
##.........#............
##.###...............##
#....######....###
#..##### ##..## #


You could see a jelly, 2 gnolls, an adder and a ball python.

Vanquished Creatures
  A hobgoblin (D:4)
1 creature vanquished.

Notes
Turn   | Place    | Note
-------+----------+-------------------------------------------
     0 | D:5      | croobank the Felid Delver began the quest for the Orb.
     0 | D:5      | Reached XP level 1. HP: 10/10 MP: 2/2
    63 | D:4      | Noticed a jelly
    68 | D:4      | Noticed a lemure
   100 | D:4      | Found a staircase to the Ecumenical Temple.
   115 | D:4      | Noticed a jelly
   125 | Temple   | Entered the Ecumenical Temple
   505 | D:4      | Splashed by a jelly's acid

Illustrated notes

Levels and vault maps discovered:
D:4:      layout_cave_pods, minmay_temple_entry_mini_moons, uniq_grinder,
          uniq_pikel
D:5:      layout_basic, nicolae_ossuary_entry_false_entrances,
          portal_sewer_entry_b, minmay_crystal_room, grunt_ministairs_14,
          hex_large, uniq_blork_the_orc, uniq_menkaure, uniq_edmund
Temple:   oiseaux_autumnal_temple

Action                   || total
-------------------------++-------
Melee: Unarmed           ||     1
  Use: Scroll            ||     1
       Potion            ||     1
 Stab: Sleeping          ||     1
Armor: Skin              ||     1
Dodge: Dodged            ||     3

Table legend: (Time is in decaauts)
 A = Elapsed time spent in this place.
 B = Non-inter-level travel time spent in this place.
 C = Inter-level travel time spent in this place.
 D = Time resting spent in this place.
 E = Time spent auto-exploring this place.
 F = Levels seen in this place.
 G = Mean time per level.
                   A        B        C        D        E       F      G
               +--------+--------+--------+--------+--------+-----+--------+
         Total |    414 |    354 |     60 |      0 |    261 |   3 |  138.0 |
       Dungeon |     84 |     84 |      0 |      0 |      0 |   2 |   42.0 |
        Temple |    330 |    270 |     60 |      0 |    261 |   1 |  330.0 |
               +--------+--------+--------+--------+--------+-----+--------+

Top non-repeatable levels by time:
  Temple: 330 daAuts
     D:5: 51 daAuts
     D:4: 33 daAuts
